 Dungeon Crawl Stone Soup version 0.31-a0-164-g2312942fda (webtiles) character file.

Game seed: 10302443378189700370

1179 qw the Skirmisher (level 8, -9/74 HPs)
             Began as a Naga Hunter on June 13, 2023.
             Mangled by an ice beast (13 damage)
             ... on level 6 of the Dungeon.
             The game lasted 00:01:48 (4758 turns).

qw the Skirmisher (Naga Hunter)                     Turns: 4758, Time: 00:01:49

Health: -9/74      AC:  4    Str: 17    XL:     8   Next: 42%
Magic:  8/8        EV: 11    Int:  9    God:
Gold:   345        SH:  5    Dex: 22    Spells: 7/7 levels left

rFire   + . .        Y - +0 shortbow
rCold   . . .        (shield currently unavailable)
rNeg    . . .        b - +0 robe of the Blind Marksman {Drain Str+2 Dex+6}
rPois   +            m - +0 helmet
rElec   .            (no cloak)
rCorr   .            (no gloves)
SInv    +            (no barding)
Will    +....        j - amulet of reflection
Stlth   ++           h - ring of protection from fire
HPRegen 0.32/turn    (no ring)
MPRegen 0.11/turn

%: reflection
@: about to teleport, very slow
A: AC +2, large, see invisible, deformed body, poison resistance, slowness 2,
spit poison 1, naga tail 1
a: Spit Poison


You were on level 6 of the Dungeon.
You visited 2 branches of the dungeon, and saw 8 of its levels.

You collected 345 gold pieces.


Innate Abilities, Weirdness & Mutations

Your serpentine skin is tough. (AC +2)
You have supernaturally acute eyesight. (SInv)
Armour fits poorly on your strangely shaped body.
Your system is resistant to poisons. (rPois)
You cover ground very slowly.
You can spit poison.
You have a snake-like lower body.


   Skills:
 - Level 5.2 Fighting
 + Level 8.0 Ranged Weapons
 - Level 3.2 Dodging
 - Level 1.5 Stealth


You had 7 spell levels left.
You didn't know any spells.
Your spell library was empty.

Inventory:

Hand Weapons
 Y - a +0 shortbow (weapon)
Armour
 b - the +0 robe of the Blind Marksman (worn) {Drain Str+2 Dex+6}
   (You found it on level 2 of the Dungeon)

   Str:       It affects your strength (+2).
   Dex:       It affects your dexterity (+6).
   Drain:     It drains your maximum health when unequipped.
 m - a +0 helmet (worn)
Jewellery
 h - a ring of protection from fire (left hand)
 j - an amulet of reflection (around neck)
Scrolls
 a - a scroll of teleportation
 f - a scroll of identify
Potions
 c - a potion of resistance
 d - 3 potions of curing
 e - a potion of mutation
 g - 2 potions of heal wounds

Dungeon Overview and Level Annotations

Branches:
Dungeon (7/15)             Temple (1/1) D:6

Altars:
Ashenzari
Cheibriados
Dithmenos
Elyvilon
Hepliaklqana
Nemelex Xobeh
Qazlal
Sif Muna
Trog
Vehumet
Wu Jian
Xom
Yredelemnul
Zin
The Shining One

Shops:
D:3 (   D:5 (

Annotations:
D:7 Joseph


Message History

The bullfrog is heavily wounded.
The bullfrog misses you. You block the ice beast's attack.
You shoot an arrow. The arrow hits the bullfrog.
The bullfrog is almost dead.
The bullfrog hits you.
The ice beast hits you but does no damage.
The bullfrog hits you.
You shoot an arrow. The arrow hits the bullfrog!
You kill the bullfrog!
The ice beast hits you but does no damage.
Your Fighting skill increases to level 5!
You shoot an arrow. The arrow hits the ice beast!
The ice beast is moderately wounded.
You have got your breath back.
The ice beast misses you.
You shoot an arrow. The arrow hits the ice beast.
The ice beast is moderately wounded.
The ice beast hits you. The ice beast freezes you!
You shoot an arrow. The arrow hits the ice beast.
The ice beast is heavily wounded.
The ice beast hits you. The ice beast freezes you!
You shoot an arrow.
The arrow hits the ice beast but does no damage.
The ice beast is heavily wounded.
The ice beast hits you but does no damage.
You shoot an arrow.
The arrow completely misses the ice beast.
The ice beast hits you. The ice beast freezes you!
You shoot an arrow. The arrow hits the ice beast.
The ice beast is severely wounded.
The ice beast barely misses you.
You shoot an arrow. The arrow closely misses the ice beast.
You block the ice beast's attack.
You shoot an arrow. The arrow barely misses the ice beast.
The ice beast hits you. The ice beast freezes you!
4758 ||| READING 2 scrolls of teleportation.
As you read the scroll of teleportation, it crumbles to dust.
You feel strangely unstable. The ice beast hits you. The ice beast freezes you!
You die...

..#....>....#...........###..##..
.###.###..###...........##..###..
##....#..#.#.............##..#...
#........#.......................
....##.................#.........
.....###......................##.
#.....##..............#.#......##
#.............##.................
#...##.........#@....#.8.#.......
+..#####.......Y.%.#.......#.....
#..##............#...8.>.8...#...
#..................#.......#.....
+.....#..............#.8.#.....##
#...###.........!...............#
#....##...............#.#.#......
+...##....................##.....
###.#...%..............#...##....


You could see an ice beast.

Vanquished Creatures
  A wyvern (D:5)
  A water moccasin (D:6)
  2 ice beasts
  2 centaurs (D:5)
  2 bullfrogs (D:6)
  2 scorpions
  A hound (D:6)
  An orc priest (D:4)
  2 iguanas
  2 orc wizards (D:3)
  A sleepcap (D:5)
  3 adders
  A shadow imp (D:6)
  A white imp (D:5)
  A worm (D:2)
  13 dart slugs
  13 orcs
  4 ball pythons
  3 bats
  12 endoplasms
  4 giant cockroaches
  4 goblins
  8 hobgoblins
  4 jackals (D:4)
  5 kobolds
  3 quokkas
  4 frilled lizards
  9 rats
109 creatures vanquished.

Vanquished Creatures (others)
  A butterfly (D:3)
1 creature vanquished.

Grand Total: 110 creatures vanquished

Notes
Turn   | Place    | Note
-------+----------+-------------------------------------------
     0 | D:1      | qw the Naga Hunter began the quest for the Orb.
     0 | D:1      | Reached XP level 1. HP: 19/19 MP: 1/1
     0 | D:1      | 0 ||| qw: Version: 0.2-a-29-gc1b59c4
     0 | D:1      | 0 ||| qw: Game counter: 4469
     0 | D:1      | 0 ||| qw: Always use a shield: true
     0 | D:1      | 0 ||| qw: God list: Okawaru
     0 | D:1      | 0 ||| qw: Allow faded altars: false
     0 | D:1      | 0 ||| qw: Do Orc after D:15 true
     0 | D:1      | 0 ||| qw: Do second Lair branch before Depths: true
     0 | D:1      | 0 ||| qw: Lair rune preference: random
     0 | D:1      | 0 ||| qw: Plans: Normal
     0 | D:1      | 0 ||| PLANNING D:1-11
    16 | D:1      | 16 ||| INVOKING Spit Poison.
    37 | D:1      | 37 ||| INVOKING Spit Poison.
    42 | D:1      | 42 ||| INVOKING Spit Poison.
    46 | D:1      | Reached skill level 4 in Ranged Weapons
    46 | D:1      | Reached XP level 2. HP: 18/26 MP: 2/2
   129 | D:1      | 129 ||| INVOKING Spit Poison.
   150 | D:1      | 150 ||| INVOKING Spit Poison.
   179 | D:1      | 179 ||| INVOKING Spit Poison.
   260 | D:1      | 260 ||| INVOKING Spit Poison.
   337 | D:1      | 337 ||| INVOKING Spit Poison.
   338 | D:1      | Reached XP level 3. HP: 32/32 MP: 3/3
   362 | D:1      | 362 ||| INVOKING Spit Poison.
   371 | D:1      | 371 ||| INVOKING Spit Poison.
   375 | D:1      | Found a faded altar of an unknown god.
   437 | D:1      | 437 ||| INVOKING Spit Poison.
   464 | D:1      | 464 ||| INVOKING Spit Poison.
   473 | D:1      | 473 ||| INVOKING Spit Poison.
   560 | D:1      | 560 ||| INVOKING Spit Poison.
   706 | D:1      | 706 ||| READING 2 scrolls labelled QOOLI NUBYETUNK.
   709 | D:1      | 709 ||| READING scroll labelled QAB XIUWIEHIX.
   710 | D:1      | 710 ||| READING 3 scrolls labelled WOPLEBLOKH.
   711 | D:1      | 711 ||| DRINKING 2 glowing silvery potions.
   712 | D:1      | 712 ||| DROPPING scroll of butterflies.
   754 | D:2      | 754 ||| INVOKING Spit Poison.
   759 | D:2      | 759 ||| INVOKING Spit Poison.
   767 | D:2      | 767 ||| INVOKING Spit Poison.
   782 | D:2      | 782 ||| INVOKING Spit Poison.
   803 | D:2      | Identified the +0 robe of the Blind Marksman {Drain Str+2
                  | Dex+6}
   833 | D:2      | 833 ||| INVOKING Spit Poison.
   837 | D:2      | 837 ||| INVOKING Spit Poison.
   841 | D:2      | 841 ||| INVOKING Spit Poison.
   847 | D:2      | 847 ||| INVOKING Spit Poison.
   922 | D:2      | You fall into a shaft and drop 2 floors!
   963 | D:4      | 963 ||| INVOKING Spit Poison.
   998 | D:4      | 998 ||| UPGRADING to +0 robe of the Blind Marksman {Drain
                  | Str+2 Dex+6}.
  1008 | D:4      | 1008 ||| DROPPING +0 leather armour.
  1009 | D:4      | 1009 ||| READING scroll labelled OTHROQ FITAGAIL.
  1010 | D:4      | 1010 ||| DRINKING 2 smoky pink potions.
  1011 | D:4      | 1011 ||| READING 2 scrolls of identify.
  1011 | D:4      | 1011 ||| IDENTIFYING white potion
  1017 | D:3      | Found a shimmering altar of Xom.
  1017 | D:3      | Found a shimmering altar of Xom.
  1017 | D:3      | Found a shimmering altar of Xom.
  1017 | D:3      | Found a shimmering altar of Xom.
  1017 | D:3      | Found a shimmering altar of Xom.
  1017 | D:3      | Found Vez Dooc's Antique Weapon Shoppe.
  1019 | D:3      | 1019 ||| INVOKING Spit Poison.
  1022 | D:3      | 1022 ||| INVOKING Spit Poison.
  1028 | D:3      | 1028 ||| INVOKING Spit Poison.
  1031 | D:3      | 1031 ||| INVOKING Spit Poison.
  1032 | D:3      | Reached skill level 5 in Ranged Weapons
  1032 | D:3      | Reached XP level 4. HP: 30/39 MP: 4/4
  1076 | D:3      | Found a shimmering altar of Xom.
  1076 | D:3      | Found a shimmering altar of Xom.
  1096 | D:3      | 1096 ||| INVOKING Spit Poison.
  1102 | D:3      | 1102 ||| INVOKING Spit Poison.
  1111 | D:3      | 1111 ||| Stepping ~*~*~tactically~*~*~ (outnumbered).
  1112 | D:3      | 1112 ||| READING scroll labelled ZUXACAMUAK.
  1114 | D:3      | 1114 ||| Stepping ~*~*~tactically~*~*~ (outnumbered).
  1116 | D:3      | 1116 ||| Stepping ~*~*~tactically~*~*~ (outnumbered).
  1118 | D:3      | 1118 ||| Stepping ~*~*~tactically~*~*~ (outnumbered).
  1120 | D:3      | 1120 ||| Stepping ~*~*~tactically~*~*~ (outnumbered).
  1122 | D:3      | 1122 ||| INVOKING Spit Poison.
  1132 | D:3      | 1132 ||| INVOKING Spit Poison.
  1139 | D:3      | 1139 ||| INVOKING Spit Poison.
  1140 | D:3      | 1140 ||| DRINKING potion of curing.
  1140 | D:3      | 1140 ||| (to cure confusion)
  1143 | D:3      | 1143 ||| INVOKING Spit Poison.
  1146 | D:3      | 1146 ||| INVOKING Spit Poison.
  1151 | D:3      | 1151 ||| INVOKING Spit Poison.
  1155 | D:3      | Reached skill level 3 in Fighting
  1157 | D:3      | 1157 ||| INVOKING Spit Poison.
  1184 | D:3      | 1184 ||| STAIRDANCE
  1186 | D:2      | 1186 ||| INVOKING Spit Poison.
  1328 | D:2      | 1328 ||| INVOKING Spit Poison.
  1364 | D:2      | 1364 ||| INVOKING Spit Poison.
  1365 | D:2      | Reached XP level 5. HP: 49/49 MP: 5/5
  1565 | D:2      | 1565 ||| INVOKING Spit Poison.
  1661 | D:2      | 1661 ||| INVOKING Spit Poison.
  1855 | D:2      | 1855 ||| READING 2 scrolls of identify.
  1855 | D:2      | 1855 ||| IDENTIFYING metallic amethyst potion
  1878 | D:3      | 1878 ||| INVOKING Spit Poison.
  1926 | D:3      | 1926 ||| INVOKING Spit Poison.
  1931 | D:3      | 1931 ||| INVOKING Spit Poison.
  1938 | D:3      | 1938 ||| INVOKING Spit Poison.
  2039 | D:3      | 2039 ||| INVOKING Spit Poison.
  2063 | D:3      | Found a bloodstained altar of Trog.
  2123 | D:3      | 2123 ||| INVOKING Spit Poison.
  2216 | D:3      | Found a glowing golden altar of the Shining One.
  2231 | D:3      | Found a white marble altar of Elyvilon.
  2267 | D:3      | Found a radiant altar of Vehumet.
  2332 | D:3      | 2332 ||| UPGRADING to amulet of reflection.
  2337 | D:3      | 2337 ||| READING scroll labelled SEIMICLI PAMMI.
  2338 | D:3      | 2338 ||| READING scroll labelled UVU VEOBRAIR.
  2354 | D:4      | Found a broken altar of Ashenzari.
  2358 | D:4      | 2358 ||| INVOKING Spit Poison.
  2402 | D:4      | 2402 ||| INVOKING Spit Poison.
  2449 | D:4      | 2449 ||| INVOKING Spit Poison.
  2452 | D:4      | 2452 ||| INVOKING Spit Poison.
  2513 | D:4      | 2513 ||| INVOKING Spit Poison.
  2527 | D:4      | 2527 ||| INVOKING Spit Poison.
  2532 | D:4      | 2532 ||| INVOKING Spit Poison.
  2549 | D:4      | Reached XP level 6. HP: 56/56 MP: 6/6
  2567 | D:4      | 2567 ||| READING 2 scrolls of identify.
  2567 | D:4      | 2567 ||| IDENTIFYING lumpy yellow potion
  2568 | D:4      | 2568 ||| DROPPING potion of ambrosia.
  2575 | D:4      | 2575 ||| STAIRDANCE
  2589 | D:4      | 2589 ||| INVOKING Spit Poison.
  2592 | D:4      | 2592 ||| INVOKING Spit Poison.
  2596 | D:4      | Reached skill level 6 in Ranged Weapons
  2618 | D:4      | Found a stormy altar of Qazlal.
  2790 | D:4      | 2790 ||| INVOKING Spit Poison.
  3088 | D:5      | Entered Level 5 of the Dungeon
  3089 | D:5      | Noticed a wyvern
  3094 | D:5      | 3094 ||| INVOKING Spit Poison.
  3098 | D:5      | 3098 ||| INVOKING Spit Poison.
  3108 | D:5      | 3108 ||| INVOKING Spit Poison.
  3195 | D:5      | Found Ylaem's Weapon Boutique.
  3195 | D:5      | Noticed a +0 triple crossbow
  3195 | D:5      | Noticed a +0 executioner's axe
  3321 | D:5      | Reached XP level 7. HP: 30/64 MP: 7/7
  3494 | D:5      | 3494 ||| INVOKING Spit Poison.
  3497 | D:5      | 3497 ||| INVOKING Spit Poison.
  3501 | D:5      | Killed a wyvern
  3502 | D:5      | Reached skill level 7 in Ranged Weapons
  3606 | D:5      | Found a shimmering blue altar of Sif Muna.
  3620 | D:5      | 3620 ||| INVOKING Spit Poison.
  4084 | D:5      | 4084 ||| UPGRADING to +0 helmet.
  4089 | D:5      | 4089 ||| UPGRADING to ring of protection from fire.
  4090 | D:5      | 4090 ||| READING 4 scrolls of identify.
  4090 | D:5      | 4090 ||| IDENTIFYING glowing red potion
  4091 | D:5      | 4091 ||| READING 3 scrolls of identify.
  4091 | D:5      | 4091 ||| IDENTIFYING purple potion
  4092 | D:5      | 4092 ||| READING 2 scrolls of identify.
  4092 | D:5      | 4092 ||| IDENTIFYING metallic blue potion
  4093 | D:5      | 4093 ||| DROPPING potion of berserk rage.
  4094 | D:5      | 4094 ||| DROPPING potion of enlightenment.
  4095 | D:5      | 4095 ||| DROPPING potion of degeneration.
  4103 | D:6      | 4103 ||| INVOKING Spit Poison.
  4115 | D:6      | 4115 ||| INVOKING Spit Poison.
  4118 | D:6      | Reached skill level 8 in Ranged Weapons
  4188 | D:6      | Found a basalt altar of Yredelemnul.
  4211 | D:6      | Reached XP level 8. HP: 72/72 MP: 8/8
  4243 | D:6      | Found a staircase to the Ecumenical Temple.
  4244 | D:6      | 4244 ||| PLANNING TEMPLE
  4244 | D:6      | 4244 ||| READING scroll labelled WEDEFE CUCAMIS.
  4245 | D:6      | 4245 ||| DRINKING 2 brown potions.
  4246 | D:6      | 4246 ||| DROPPING potion of attraction.
  4255 | Temple   | Entered the Ecumenical Temple
  4256 | Temple   | 4256 ||| PLANNING D:1-11
  4291 | D:6      | 4291 ||| INVOKING Spit Poison.
  4351 | D:6      | Reached skill level 3 in Dodging
  4573 | D:6      | 4573 ||| INVOKING Spit Poison.
  4617 | D:6      | 4617 ||| READING 2 scrolls of identify.
  4617 | D:6      | 4617 ||| IDENTIFYING fizzy orange potion
  4618 | D:6      | 4618 ||| DROPPING potion of lignification.
  4628 | D:7      | 4628 ||| INVOKING Spit Poison.
  4630 | D:7      | 4630 ||| STAIRDANCE
  4745 | D:7      | 4745 ||| STAIRDANCE
  4745 | D:7      | Noticed Joseph
  4747 | D:6      | 4747 ||| INVOKING Spit Poison.
  4757 | D:6      | HP: 8/74 [ice beast (13)]
  4758 | D:6      | 4758 ||| READING 2 scrolls of teleportation.
  4758 | D:6      | Mangled by an ice beast

Levels and vault maps discovered:
D:1:      ncdulo_wetmaze, layout_basic, basic_ecumenical_altar
D:2:      layout_basic
D:3:      kennysheep_slugbush, layout_basic, nicolae_overflow_hidden_temple,
          mainiacjoe_overflow_alcove_4, tso_oasis_becter,
          nicolae_xom_altar_mimics, nicolae_elyvilon_peaceful_grove,
          serial_shops, shop
D:4:      layout_basic, nicolae_qazlal_scattered_showers,
          mainiacjoe_overflow_six_doors_small, minmay_misc_feat_pillars
D:5:      layout_basic, nicolae_sif_muna_little_library, serial_shops,
          nicolae_shop_mannequins
D:6:      layout_cave_pools, mainiacjoe_overflow_24_doors,
          minmay_temple_entry_sparse_star
D:7:      layout_cave_pools, lemuel_mausoleum_altar_kikubaaqudgha,
          grunt_gozag_statues, serial_shops, nicolae_square_shop,
          nicolae_grassy_gnolls, uniq_joseph
Temple:   hellmonk_temple_micro_hex

Skill      XL: |  1  2  3  4  5  6  7  8 |
---------------+-------------------------+-----
Ranged Weapons | 4 5 6 8 |  8.0
Fighting       | 3 4 5 |  5.2
Dodging        | 2 3 |  3.2
Stealth        | |  1.5

Action                     |  1- 3 |  4- 6 |  7- 9 || total
---------------------------+-------+-------+-------++-------
   Fire: Shortbow          |    72 |   131 |    86 ||   289
Ability: Spit Poison       |    27 |    33 |     9 ||    69
    Use: Scroll            |     5 |     5 |     6 ||    16
         Potion            |     2 |     1 |     1 ||     4
 Armour: Leather armour    |     5 |       |       ||     5
         Robe              |     2 |     3 |    12 ||    17
  Dodge: Dodged            |    17 |    12 |    22 ||    51
  Block: Other             |       |     5 |    10 ||    15
         Reflection        |       |     3 |       ||     3

Table legend:
 A = Non-vault XP
 B = Vault XP
 C = Vault XP percentage of total XP
 D = Non-vault monster count
 E = Vault monster count
 F = Vault count percentage of total count
                 A         B        C        D         E       F
            +---------+---------+-------+---------+---------+-------
      Total |    1649 |      36 |   2.1 |     100 |       9 |   8.3
            +---------+---------+-------+---------+---------+-------
        D:1 |      48 |       0 |   0.0 |      26 |       0 |   0.0
        D:2 |      38 |       0 |   0.0 |      15 |       0 |   0.0
        D:3 |     121 |      36 |  22.9 |      20 |       9 |  31.0
        D:4 |     163 |       0 |   0.0 |      20 |       0 |   0.0
        D:5 |     667 |       0 |   0.0 |      10 |       0 |   0.0
        D:6 |     612 |       0 |   0.0 |       9 |       0 |   0.0
            +---------+---------+-------+---------+---------+-------
